 Dungeon Crawl Stone Soup version 0.25-a0-571-gb5e01bddfa (console) character file.

Game seed: 3463451915701975428, levelgen mode: classic

20547 Duffy the Thaumaturge (level 12, -27/68 HPs)
             Began as a Deep Elf Fire Elementalist on Feb 29, 2020.
             Was an Elder of Sif Muna.
             Hit by a large rock thrown by a stone giant (40 damage)
             ... in a volcano.
             The game lasted 00:32:17 (22306 turns).

Duffy the Thaumaturge (Deep Elf Fire Elementalist) Turns: 22306, Time: 00:32:18

Health: -27/68     AC: 10    Str:  5    XL:     12   Next: 46%
Magic:  29/29      EV: 17    Int: 26    God:    Sif Muna [****..]
Gold:   806        SH:  0    Dex: 19    Spells: 17/34 levels left

rFire    . . .     SeeInvis .   k - +6 battleaxe {vorpal, rElec Dex+4}
rCold    . . .     Gourm    .   (shield currently unavailable)
rNeg     . . .     Faith    +   h - +2 robe {MR+}
rPois    +         Spirit   .   u - +0 helmet
rElec    +         Reflect  .   P - scarf {cloud immunity}
rCorr    .         Harm     .   m - +2 pair of gloves
MR       ++...                  A - +1 pair of boots
Stlth    ++........             w - amulet of faith
HPRegen  0.21/turn              a - ring of poison resistance
MPRegen  0.21/turn              (no ring)

@: no status effects
A: no striking features
a: Channel Magic, Forget Spell, Divine Exegesis, Renounce Religion


You were in a volcano.
You worshipped Sif Muna.
Sif Muna was greatly pleased with you.
You were not hungry.

You visited 2 branches of the dungeon, and saw 12 of its levels.
You also visited: Ossuary and Volcano.

You collected 806 gold pieces.

Inventory:

Hand Weapons
 k - the +6 battleaxe "Beastbane" (weapon) {vorpal, rElec Dex+4}
   (You found it on level 2 of the Lair of Beasts)

   It inflicts extra damage upon your enemies.
   It affects your dexterity (+4).
   It insulates you from electricity.
 z - the +10 whip of Distraction {vorpal, rElec Int+3 Dex-4}
   (You found it on level 6 of the Dungeon)

   It inflicts extra damage upon your enemies.
   It affects your intelligence (+3).
   It affects your dexterity (-4).
   It insulates you from electricity.
Missiles
 s - 2 throwing nets (quivered)
Armour
 h - a +2 robe of magic resistance (worn)
 m - a +2 pair of gloves (worn)
 u - a +0 helmet (worn)
 y - a +0 robe of cold resistance
 A - a +1 pair of boots (worn)
 K - a +1 cloak
 P - a scarf of cloud immunity (worn)
Magical Staves
 p - an uncursed staff of poison {!a}
 B - an uncursed staff of air {!a}
Jewellery
 a - a ring of poison resistance (left hand)
 w - an amulet of faith (around neck)
Wands
 e - a wand of scattershot (1)
 o - a wand of paralysis (2)
 F - a wand of enslavement (4)
 I - a wand of disintegration (1)
 M - a wand of digging (4)
 N - a wand of flame (39)
Scrolls
 i - 4 scrolls of teleportation
 l - 3 scrolls of fog
 n - 2 scrolls of immolation
 q - 5 scrolls of remove curse
 E - a scroll of blinking
Potions
 b - a potion of brilliance {unknown}
 d - a potion of flight {unknown}
 g - 3 potions of haste
 j - a potion of lignification {unknown}
 r - 5 potions of curing
 t - a potion of magic {unknown}
 C - 3 potions of berserk rage {unknown}
 D - a potion of cancellation {unknown}
 J - a potion of invisibility {unknown}
Comestibles
 c - 16 rations


   Skills:
 - Level 5.0 Fighting
 - Level 6.0 Dodging
 - Level 2.4 Stealth
 + Level 11.7 Spellcasting
 + Level 11.2 Conjurations
 + Level 11.2 Fire Magic
 + Level 9.1 Invocations
 - Level 6.0 Evocations


You had 17 spell levels left.
You knew the following spells:

 Your Spells              Type           Power        Failure   Level  Hunger
h - Searing Ray           Conj           ######       1%          2    None
j - Sticky Flame          Conj/Fire      ######..     1%          4    None
k - Fireball              Conj/Fire      ######....   1%          5    ###....
l - Starburst             Conj/Fire      ######....   6%          6    #####..

Your spell library contained the following spells:

 Spells                   Type           Power        Failure   Level  Hunger
 Foxfire                  Conj/Fire      ####         1%          1    None
 Conjure Flame            Conj/Fire      ######..     1%          3    None
 Inner Flame              Hex/Fire       #####...     1%          3    None
 Ignite Poison            Fire/Tmut/Pois ####....     2%          3    None
 Beastly Appendage        Tmut           ###...       3%          1    None
 Sticks to Snakes         Tmut           ###.....     6%          2    None
 Spider Form              Tmut/Pois      ###.......   12%         3    None
 Orb of Destruction       Conj           ######....   32%         7    ######.
 Ice Form                 Ice/Tmut       ###.....     36%         4    None
 Blade Hands              Tmut           ###.......   71%         5    ###....
 Freezing Cloud           Conj/Ice/Air   ####......   77%         6    #####..
 Ignition                 Fire           ######....   94%         8    #######
 Ring of Flames           Chrm/Fire      #####.....   97%         7    ######.
 Spellforged Servitor     Conj/Summ      #####.....   97%         7    ######.
 Simulacrum               Ice/Necr       ###.......   99%         6    #####..
 Lehudib's Crystal Spear  Conj/Erth      #####.....   100%        8    #######


Dungeon Overview and Level Annotations

Branches:
Dungeon (9/15)             Temple (0/1) D:7            Lair (3/6) D:9
 Spider (0/4) Lair:2      Ossuary (visited)         Volcano (1/1)
  Swamp: Lair:2-4    Shoals: Lair:2-4       Orc: D:9-12

Altars:
Cheibriados
Dithmenos
Elyvilon
Hepliaklqana
Okawaru
Qazlal
Sif Muna
Trog
Uskayaw
Vehumet
Yredelemnul
Zin

Annotations:
Lair:3 Urug


Message History

g - Guard the area. f - Follow me.
Anything else - Cancel.
You shout for attention!
You hear a shout!
What are your orders? t - Shout!
Orders for allies: a - Attack new target. r - Retreat! s - Stop attacking. g - Guard the area. f - Follow me.
Anything else - Cancel.
Okay, then.
You start waiting.
The stone giant is too close now for your liking.
The stone giant throws a large rock.
The large rock hits you.
You see here a large rock.
The stone giant throws a large rock.
The large rock hits you!!!
Ouch! That really hurt!
You see here a large rock.
The stone giant throws a large rock.
The large rock hits you!!!
Ouch! That really hurt!
You die...

#~~0\..## #..\.~0~# ##~..###
##..0~~~# ####.# #...0~0~# ##.##
##.0~~~## #.############ ##.~~0~#
#...#...##...###.##~~##
#........0....#.## ###
##...0~~0000....#.# ###
##...~~0~~0000.@...## #0##
###....~~~0~00~~~~(...# ##00#
#....0~~~~~0~~~0~.(..## ##0~~##
##...~~00~000~~~~.....# ##~.~~0#
#...0~~0~0~0~~~.....#######~...~~#
.......~~0~~~~........#.##.\[)..##
#.###....0.........###...#.)...##
### ##########C##### ###.)##..##
~~~# ##.### ########


You could see a stone giant.

Vanquished Creatures
  Erolcha (D:9)
  A hydra (Lair:2)
  Erica (D:9)
  A two-headed ogre (D:9)
  5 death yaks
  Joseph (D:8)
  2 spiny frogs
  A gargoyle (Volcano)
  2 black mambas
  2 rime drakes (Lair:2)
  An efreet (Volcano)
  A komodo dragon (Lair:3)
  A demonic crawler (Lair:2)
  4 polar bears (Lair:2)
  Prince Ribbit (D:5)
  7 blink frogs
  A dream sheep (Lair:2)
  2 hippogriffs
  10 yaks
  A basilisk (Lair:2)
  2 fire elementals (Volcano)
  A steam dragon (D:8)
  A hungry ghost (D:8)
  3 water moccasins
  3 porcupines
  6 orc warriors
  8 black bears
  2 ice beasts
  A sky beast (D:5)
  2 phantoms
  An eye of draining (D:9)
  2 ogres (D:5)
  A centaur (D:7)
  2 crocodiles (Lair:2)
  2 big kobolds
  2 earth elementals (Volcano)
  8 bullfrogs
  5 elf zombies
  2 elf skeletons (D:6)
  5 scorpions
  12 killer bees
  3 wights
  3 howler monkeys (D:8)
  2 bullfrog zombies
  3 crimson imps
  A centaur zombie (Ossuary)
  2 jellies (D:7)
  2 orc priests
  3 hounds
  3 bullfrog skeletons
  2 human zombies (Ossuary)
  8 orc wizards
  A centaur skeleton (D:5)
  5 iguanas
  A human skeleton (D:6)
  3 worker ants
  2 big kobold zombies (Ossuary)
  4 hound zombies
  A hound skeleton (D:7)
  4 mummies
  A howler monkey zombie (D:7)
  5 gnolls (D:5)
  12 river rats (D:6)
  23 adders
  A shadow imp (D:8)
  An ooze (D:2)
  6 adder zombies
  An adder skeleton (D:3)
  9 worms
  5 dart slugs
  8 leopard geckos
  33 orcs
  A ball python (D:4)
  4 bats
  7 giant cockroaches
  12 hobgoblins
  8 jackals
  8 quokkas
  4 frilled lizards
  10 goblins
  5 goblin zombies (Ossuary)
  A hobgoblin zombie (Ossuary)
  4 jackal zombies (Ossuary)
  28 kobolds
  3 kobold zombies (Ossuary)
  A leopard gecko zombie (D:6)
  2 quokka skeletons
  3 quokka zombies (Ossuary)
  31 rats
  3 rat zombies (Ossuary)
  A spectral orc (D:6)
  A fungus (Lair:2)
412 creatures vanquished.

Vanquished Creatures (others)
  1279 foxfires
  6 fungi
  3 plants (Lair:2)
1288 creatures vanquished.

Grand Total: 1700 creatures vanquished

Notes
Turn   | Place    | Note
-------+----------+-------------------------------------------
     0 | D:1      | Duffy the Deep Elf Fire Elementalist began the quest for
                  | the Orb.
     0 | D:1      | Reached XP level 1. HP: 10/10 MP: 6/6
   531 | D:2      | Reached XP level 2. HP: 15/15 MP: 5/8
   830 | D:2      | Reached XP level 3. HP: 17/19 MP: 5/9
   870 | D:2      | Found a shadowy altar of Dithmenos.
  1098 | D:2      | Found a shimmering blue altar of Sif Muna.
  1129 | D:2      | Became a worshipper of Sif Muna the Loreminder
  1903 | D:2      | Reached XP level 4. HP: 24/24 MP: 7/11
  1909 | D:2      | Learned a level 4 spell: Sticky Flame
  2278 | D:2      | Found a white marble altar of Elyvilon.
  2331 | D:2      | Noticed a moth of wrath
  2334 | D:2      | Found a bloodstained altar of Trog.
  2786 | D:2      | Reached * piety under Sif Muna
  3510 | D:3      | Reached XP level 5. HP: 23/28 MP: 8/12
  3720 | D:3      | Learned a level 5 spell: Fireball
  4524 | D:4      | Noticed a phantom
  4533 | D:4      | Killed a phantom
  4533 | D:4      | Reached XP level 6. HP: 32/32 MP: 5/14
  4852 | D:4      | Found a stormy altar of Qazlal.
  4859 | D:4      | Reached skill level 5 in Fire Magic
  5212 | D:5      | Entered Level 5 of the Dungeon
  5235 | D:5      | Reached skill level 5 in Conjurations
  5300 | D:5      | Noticed a sky beast
  5305 | D:5      | Killed a sky beast
  5305 | D:5      | Reached skill level 5 in Spellcasting
  5384 | D:5      | Noticed Prince Ribbit
  5393 | D:5      | Killed Prince Ribbit
  5393 | D:5      | Reached XP level 7. HP: 36/36 MP: 9/16
  5573 | D:5      | Reached ** piety under Sif Muna
  6202 | D:5      | Got a slimy leather armour
  6261 | D:5      | Reached skill level 1 in Fighting
  6261 | D:5      | Reached skill level 1 in Evocations
  6906 | D:5      | Reached *** piety under Sif Muna
  7006 | D:5      | Found an iron altar of Okawaru.
  7051 | D:5      | Reached XP level 8. HP: 45/45 MP: 9/17
  7324 | D:5      | Identified the +2 leather armour of Osko Fisch {Dex+5} (You
                  | found it on level 5 of the Dungeon)
  7369 | D:5      | Found a hide-covered altar of Uskayaw.
  8039 | D:6      | Got a shimmering whip
  8073 | D:6      | Found a hazy altar of Hepliaklqana.
  8163 | D:6      | Found a basalt altar of Yredelemnul.
  8207 | D:6      | Found a glowing silver altar of Zin.
  8258 | D:6      | Found Xes Bona's Food Emporium.
  8368 | D:6      | Reached skill level 5 in Dodging
  8428 | D:6      | Found a sand-covered staircase.
  8439 | Ossuary  | Entered an ossuary
  8695 | Ossuary  | Reached **** piety under Sif Muna
  8890 | Ossuary  | Reached skill level 5 in Fighting
  9325 | Ossuary  | Reached XP level 9. HP: 50/54 MP: 3/18
  9706 | D:6      | Reached skill level 1 in Invocations
 11284 | D:7      | HP: 2/54 [poisoned by a kobold]
 11295 | D:7      | HP: 2/54 [wight/cursed +0 great sword (1)]
 11994 | D:7      | Reached ***** piety under Sif Muna
 12298 | D:7      | Received a gift from Sif Muna
 12496 | D:6      | Learned a level 6 spell: Starburst
 12503 | D:7      | Identified the +10 whip of Distraction {vorpal, rElec Int+3
                  | Dex-4} (You found it on level 6 of the Dungeon)
 12609 | D:7      | Reached XP level 10. HP: 38/59 MP: 10/22
 13227 | D:7      | Found a staircase to the Ecumenical Temple.
 14087 | D:8      | Noticed Joseph
 14202 | D:8      | Killed Joseph
 15227 | D:8      | Found a snail-covered altar of Cheibriados.
 15919 | D:9      | Noticed Erolcha
 16250 | D:9      | Noticed a two-headed ogre
 16256 | D:9      | Killed a two-headed ogre
 16371 | D:9      | Reached skill level 5 in Invocations
 16544 | D:9      | Reached skill level 10 in Conjurations
 16544 | D:9      | Reached skill level 10 in Fire Magic
 16705 | D:9      | Noticed Erica
 16715 | D:9      | Killed Erica
 16715 | D:9      | Reached XP level 11. HP: 44/63 MP: 2/25
 16840 | D:9      | Killed Erolcha
 17035 | D:9      | Found a staircase to the Lair.
 17329 | D:9      | Found a radiant altar of Vehumet.
 17458 | Lair:1   | Entered Level 1 of the Lair of Beasts
 18051 | Lair:1   | Reached skill level 10 in Spellcasting
 18517 | Lair:2   | Noticed a death yak
 18536 | Lair:1   | Killed a death yak
 18670 | Lair:2   | Reached skill level 5 in Evocations
 18824 | Lair:2   | Noticed an eight-headed hydra
 19118 | Lair:2   | Killed an eight-headed hydra
 19258 | Lair:2   | Got a shimmering battleaxe
 19337 | Lair:2   | Identified the +6 battleaxe "Beastbane" {vorpal, rElec
                  | Dex+4} (You found it on level 2 of the Lair of Beasts)
 20197 | Lair:2   | Found a hole to the Spider Nest.
 20199 | Lair:2   | Noticed a death yak
 20228 | Lair:2   | Identified Sif Muna's Volume of Attacks and Unholy Arts
                  | (Sif Muna gifted it to you on level 2 of the Lair of
                  | Beasts)
 20228 | Lair:2   | Received a gift from Sif Muna
 20228 | Lair:2   | Reached XP level 12. HP: 50/68 MP: 14/28
 20367 | Lair:2   | Learned a level 2 spell: Searing Ray
 20411 | Lair:2   | Noticed a death yak
 20413 | Lair:2   | Noticed a death yak
 20432 | Lair:2   | Killed a death yak
 20576 | Lair:2   | Noticed a death yak
 20601 | Lair:2   | Killed a death yak
 20624 | Lair:2   | Killed a death yak
 20761 | Lair:2   | Killed a death yak
 21491 | Lair:3   | Noticed Urug
 21630 | Lair:3   | Found a dark tunnel.
 21645 | Volcano  | Entered a volcano
 22246 | Volcano  | Noticed a stone giant
 22306 | Volcano  | Hit by a large rock thrown by a stone giant

Levels and vault maps discovered:
D:1:      psy_arrival_dodecagon, layout_loops_ring, serial_forest,
          infiniplex_forest_end_1, infiniplex_forest_zigzag_1,
          infiniplex_forest_end_1, infiniplex_forest_clump_diagonal
D:2:      layout_basic, nicolae_dithmenos_shadow_blocks,
          lemuel_coloured_pillars_altar, tgw_trog, lemuel_doored_altar,
          interstate_on_off
D:3:      layout_basic, first_ration
D:4:      layout_loops_cross, grunt_qazlal_sundering
D:5:      corexii_shantytown, layout_basic, overflow_temple_1_default,
          okawaru_metal_pillars_1_2, uniq_prince_ribbit1
D:6:      lemuel_ratsnest, layout_cave_pools, lemuel_crystal_altar,
          kennysheep_mini_moat, yredelemnul_forgotten_temple_becter,
          serial_shops, shop, nicolae_ossuary_entry_catacombs
D:7:      cheibrodos_fzero, layout_layer_cave, minmay_temple_entry_statues
D:8:      layout_loops_ring, slow_altar_1, serial_rivers,
          chequers_serial_rivers_room_a, chequers_serial_rivers_small_b,
          chequers_serial_rivers_micro_d, chequers_serial_rivers_micro_d,
          chequers_serial_rivers_room_a, chequers_serial_rivers_micro_d,
          uniq_joseph
D:9:      layout_loops_ring, fiery_altar_vehumet, lair_entry_dummy,
          grunt_ogre_cave, uniq_erica, uniq_erolcha
Lair:1:   layout_gridlike, grunt_megastairs_3
Lair:2:   beast_lair_carwin_large_1, layout_gridlike,
          nicolae_spider_entry_non_spiders, hangedman_lair_generics_rect
Lair:3:   layout_cave_pods, minmay_shoals_entry_hut,
          ebering_ghost_disaster_area, enter_volcano_4, uniq_gastronok,
          uniq_nergalle, uniq_urug
Volcano:  volcano_pools

Skill      XL: |  1  2  3  4  5  6  7  8  9 10 11 12 |
---------------+-------------------------------------+-----
Conjurations   | 2 3 4 6 8 10 11 | 11.2
Fire Magic     | 4 6 8 10 11 | 11.2
Spellcasting   | 4 5 6 8 10 11 | 11.7
Fighting       | 2 5 |  5.0
Evocations     | 2 3 6 |  6.0
Dodging        | 3 6 |  6.0
Invocations    | 3 5 8 9 |  9.1
Stealth        | |  2.4

Action                   |  1- 3 |  4- 6 |  7- 9 | 10-12 || total
-------------------------+-------+-------+-------+-------++-------
Melee: Whip              |       |       |     1 |    25 ||    26
 Cast: Foxfire           |   106 |   214 |   511 |   100 ||   931
       Sticky Flame      |       |     3 |    44 |    25 ||    72
       Fireball          |       |       |       |   133 ||   133
       Searing Ray       |       |       |       |    22 ||    22
Evoke: Wand              |       |       |     1 |    15 ||    16
  Use: Scroll            |     1 |     3 |     8 |     9 ||    21
       Potion            |       |       |     1 |       ||     1
  Eat: Chunk             |     3 |    11 |    17 |    26 ||    57
       Ration            |       |       |     3 |     8 ||    11
Armor: Robe              |     1 |     9 |    32 |    33 ||    75
Dodge: Dodged            |    20 |    27 |   157 |   111 ||   315

Table legend:
 A = Non-vault XP
 B = Vault XP
 C = Vault XP percentage of total XP
 D = Non-vault monster count
 E = Vault monster count
 F = Vault count percentage of total count
                 A         B        C        D         E       F
            +---------+---------+-------+---------+---------+-------
      Total |   16065 |   13289 |  45.3 |     244 |     167 |  40.6
            +---------+---------+-------+---------+---------+-------
        D:1 |      43 |       0 |   0.0 |      20 |       0 |   0.0
        D:2 |     119 |      13 |   9.8 |      25 |       5 |  16.7
        D:3 |      93 |       0 |   0.0 |      25 |       0 |   0.0
        D:4 |     156 |       0 |   0.0 |       6 |       0 |   0.0
        D:5 |    1028 |     404 |  28.2 |      38 |      34 |  47.2
        D:6 |     794 |     704 |  47.0 |      15 |      42 |  73.7
        D:7 |    1469 |     774 |  34.5 |      33 |      13 |  28.3
        D:8 |    1226 |     478 |  28.1 |      26 |       2 |   7.1
        D:9 |    1901 |    2825 |  59.8 |      26 |       3 |  10.3
     Lair:1 |    1965 |    1436 |  42.2 |       8 |       3 |  27.3
     Lair:2 |    6501 |    4721 |  42.1 |      19 |      22 |  53.7
     Lair:3 |     770 |       0 |   0.0 |       3 |       0 |   0.0
    Ossuary |       0 |     549 | 100.0 |       0 |      37 | 100.0
    Volcano |       0 |    1385 | 100.0 |       0 |       6 | 100.0
            +---------+---------+-------+---------+---------+-------
